 Dungeon Crawl Stone Soup version 0.29-a0-1006-g0dd7720b37 (webtiles) character file.

Game seed: 1717554754018742037

39 drpainis the Covered (level 3, 0/33 HPs)
             Began as a Hill Orc Fighter on Aug 7, 2022.
             Slain by a hobgoblin (6 damage)
             ... led by Robin
             ... on level 2 of the Dungeon.
             The game lasted 00:01:17 (941 turns).

drpainis the Covered (Hill Orc Fighter)              Turns: 941, Time: 00:01:18

Health: 0/33       AC:  7    Str: 18    XL:     3   Next: 47%
Magic:  3/3        EV:  9    Int:  8    God:
Gold:   64         SH:  4    Dex: 12    Spells: 2/2 levels left

rFire   . . .      SeeInvis .   a - +0 war axe
rCold   . . .      Faith    .   c - +0 buckler
rNeg    . . .      Spirit   .   b - +0 scale mail
rPois   .          Reflect  .   (no helmet)
rElec   .          Harm     .   (no cloak)
rCorr   .          Rampage  .   (no gloves)
Will    .....                   (no boots)
Stlth   ..........              (no amulet)
HPRegen 0.11/turn               (no ring)
MPRegen 0.08/turn               (no ring)

@: mighty
A: no striking features
a: no special abilities


You were on level 2 of the Dungeon.
You visited 1 branch of the dungeon, and saw 2 of its levels.

You collected 64 gold pieces.

Inventory:

Hand Weapons
 a - a +0 war axe (weapon)
Armour
 b - a +0 scale mail (worn)
 c - a +0 buckler (worn)
Scrolls
 e - a scroll of identify {unknown}
Potions
 f - a potion of magic {unknown}


   Skills:
 + Level 3.8 Fighting
 + Level 3.3 Axes
 + Level 4.0 Armour
 + Level 0.1 Dodging
 + Level 3.7 Shields


You had 2 spell levels left.
You didn't know any spells.
Your spell library was empty.

Dungeon Overview and Level Annotations

Branches:
Dungeon (2/15)

Altars:


Message History

You feel very mighty all of a sudden. You block the goblin's attack.
Robin says, "My army is invincible!"
You block Robin's attack.
You miss the goblin.
The goblin is moderately wounded.
You barely miss Robin. The goblin closely misses you.
Robin hits you but does no damage.
You barely miss the goblin.
The goblin is moderately wounded.
You slash Robin! The goblin hits you with a +0 club. Robin barely misses you.
You closely miss the goblin.
The goblin is moderately wounded.
You slash Robin!
You kill Robin!
The goblin completely misses you.
A quokka comes into view.
The goblin hits you with a +0 club. The hobgoblin hits you.
You closely miss the hobgoblin. You hit the goblin.
You kill the goblin!
The hobgoblin barely misses you. The hobgoblin attacks as you move away!
The hobgoblin hits you.
Things that are here:
a +0 club; a +0 leather armour
Things that are here:
a +0 dagger; a +0 club You closely miss the hobgoblin.
The hobgoblin hits you.
* * * LOW HITPOINT WARNING * * *
The hobgoblin barely misses you.
You hit the hobgoblin.
The hobgoblin is almost dead.
The hobgoblin hits you.
* * * LOW HITPOINT WARNING * * *
You slash the hobgoblin!
You kill the hobgoblin!
Your Armour skill increases to level 4!
You slash the hobgoblin!
You kill the hobgoblin!
The hobgoblin hits you.
You die...

###...#####
#..........
#........##
#........#
.########........#
.........#.#####.#
..(......#.......#
.............#####
........####@#
######### #g# #r#
#)# #.......#
g.g...##...#
.gg... ...# .....
...# ####. ...#


You could see a quokka and a hobgoblin (strong).

Vanquished Creatures
  Robin (D:2)
  2 endoplasms (D:1)
  A giant cockroach (D:1)
  10 goblins
  7 hobgoblins
  A ball python (D:1)
  2 bats (D:1)
  2 rats (D:1)
26 creatures vanquished.

Notes
Turn   | Place    | Note
-------+----------+-------------------------------------------
     0 | D:1      | drpainis the Hill Orc Fighter began the quest for the Orb.
     0 | D:1      | Reached XP level 1. HP: 19/19 MP: 1/1
   183 | D:1      | Reached XP level 2. HP: 27/27 MP: 2/2
   910 | D:2      | Noticed Robin
   929 | D:2      | Reached XP level 3. HP: 21/33 MP: 3/3
   934 | D:2      | Killed Robin
   941 | D:2      | Reached skill level 4 in Armour
   941 | D:2      | Slain by a hobgoblin

Illustrated notes

Levels and vault maps discovered:
D:1:      dpeg_arrival_connections, layout_loops_corners
D:2:      layout_basic, ebering_ecumenical_altar_sacrificial,
          chequers_decorated_corner, hex_medium, uniq_robin

Skill      XL: |  1  2  3 |
---------------+----------+-----
Axes           | 3 |  3.3
Armour         | 4 |  4.0
Fighting       | |  3.8
Dodging        | |  0.1
Shields        | |  3.7

Action                   || total
-------------------------++-------
Melee: War axe           ||    58
  Use: Potion            ||     1
Armor: Scale mail        ||    22
Dodge: Dodged            ||    30
Block: Buckler           ||    18

Table legend: (Time is in decaauts)
 A = Elapsed time spent in this place.
 B = Non-inter-level travel time spent in this place.
 C = Inter-level travel time spent in this place.
 D = Time resting spent in this place.
 E = Time spent auto-exploring this place.
 F = Levels seen in this place.
 G = Mean time per level.
                   A        B        C        D        E       F      G
               +--------+--------+--------+--------+--------+-----+--------+
         Total |    963 |    939 |     24 |      0 |    776 |   2 |  481.5 |
       Dungeon |    963 |    939 |     24 |      0 |    776 |   2 |  481.5 |
               +--------+--------+--------+--------+--------+-----+--------+

Top non-repeatable levels by time:
     D:1: 869 daAuts
     D:2: 93 daAuts
